 Dungeon Crawl Stone Soup version 0.29.1-15-g9cfb28693d (webtiles) character file.

Game seed: 15307799847566429987

10414 jiiam the Fighter (level 11, 0/94 HPs)
             Began as a Djinni Fire Elementalist on Apr 28, 2023.
             Was a Priest of Ashenzari.
             Slain by a sixfirhy (8 damage)
             ... summoned by a kobold demonologist
             ... on level 10 of the Dungeon on May 9, 2023.
             The game lasted 01:46:05 (18082 turns).

jiiam the Fighter (Djinni Fire Elementalist)       Turns: 18082, Time: 01:46:06

Health: 0/94       AC:  5    Str:  7    XL:     11   Next: 92%
Gold:   622        EV: 14    Int: 26    God:    Ashenzari [***...] SH:  0 Dex: 15

rFire   + + .      SeeInvis +   c - +0 short sword "Lashed Mistrust" {speed, Evo, Cun} (curse)
rCold   x . .      Faith    .   (no shield)
rNeg    . . .      Spirit   .   a - +0 robe of Ashenzari's Stars {Self, Melee} (curse)
rPois   ∞          Reflect  .   z - +0 helmet of Ouranomancy {Cun, Melee} (curse)
rElec   .          Harm     .   y - +1 cloak
rCorr   .          Rampage  .   (no gloves)
Will    +....      Clarity  +   (boots unavailable)
Stlth   ++........              (no amulet)
HPRegen 0.25/turn               H - ring of Supernal Wisdom {Int+6, Evo, Cun} (curse)
MPRegen 0.00/turn               (no ring)

@: about to teleport, flying, studying Throwing
A: sickness immunity, fire resistance 2, cold vulnerability 1, float, innate
caster, HP casting, extra vitality 1
a: Renounce Religion, Curse Item, Shatter the Chains


You were on level 10 of the Dungeon.
You worshipped Ashenzari.
Ashenzari was most pleased with you.
You visited 2 branches of the dungeon, and saw 11 of its levels.
You also visited: Sewer, Ossuary and Bailey.

You collected 622 gold pieces.

Inventory:

Hand Weapons
 c - the cursed +0 short sword "Lashed Mistrust" (weapon) {speed, Evo, Cun}
   (You took it off a kobold on level 1 of the Dungeon)

   Attacks with this weapon are significantly faster.
   It has a curse which improves the following skills: Evocations: Evocations.
   Cunning:   Dodging and Stealth.
 C - a +2 quarterstaff of chaos
Missiles
 q - a throwing net
 A - 36 poisoned darts
 E - 4 datura-tipped darts
 L - 13 curare-tipped darts
 M - 6 atropa-tipped darts
Armour
 a - the cursed +0 robe of Ashenzari's Stars (worn) {Self, Melee}

   It has a curse which improves the following skills: Introspection: Fighting
   and Spellcasting.
   Melee Combat: Short Blades, Long Blades, Axes, Maces & Flails, Polearms,
   Staves and Unarmed Combat.
 u - +0 acid dragon scales
 y - a +1 cloak (worn)
 z - the cursed +0 helmet of Ouranomancy (worn) {Cun, Melee}
   (You found it on level 4 of the Dungeon)

   It has a curse which improves the following skills: Cunning: Dodging and
   Stealth.
   Melee Combat: Short Blades, Long Blades, Axes, Maces & Flails, Polearms,
   Staves and Unarmed Combat.
 J - a +0 robe
Magical Staves
 n - a staff of cold
 O - a staff of earth
Jewellery
 o - a ring of positive energy
 H - the cursed ring of Supernal Wisdom (left hand) {Int+6, Evo, Cun}
   (You found it on level 6 of the Dungeon)

   [ring of intelligence]

   Int:       It affects your intelligence (+6).
   It has a curse which improves the following skills: Evocations: Evocations.
   Cunning:   Dodging and Stealth.
Wands
 s - a wand of acid (5)
 B - a wand of digging (11)
 I - a wand of roots (5)
Scrolls
 b - 6 scrolls of vulnerability
 f - 3 scrolls of teleportation
 g - 10 scrolls of identify
 k - 2 scrolls of immolation
 m - 2 scrolls of enchant weapon
 t - 2 scrolls of poison
 v - 2 scrolls of enchant armour
 w - a scroll of brand weapon
 F - a scroll of acquirement
 G - 2 scrolls of magic mapping
 N - a scroll of fog
Potions
 d - 10 potions of curing
 e - 4 potions of brilliance
 h - a potion of heal wounds
 i - 4 potions of flight
 j - a potion of mutation
 l - a potion of magic
 p - a potion of attraction
 r - 2 potions of degeneration
 x - 2 potions of invisibility
 D - a potion of resistance
 P - a potion of haste
Miscellaneous
 K - a tin of tremorstones (2/2)


   Skills:
 + Level 13.0(14.5) Fighting
 - Level 2.1(4.5) Dodging
 - Level 1.5(3.6) Stealth
 - Level 10.0(11.5) Spellcasting


You had 6 spell levels left.
You knew the following spells:

 Your Spells              Type           Power      Damage    Failure   Level
a - Foxfire               Conj/Fire      100%       2x1d9     1%          1
b - Scorch                Fire           100%       2d10      1%          2
c - Conjure Flame         Conj/Fire      66%        6-21      1%          3
d - Inner Flame           Hex/Fire       66%        N/A       1%          3
e - Flame Wave            Conj/Fire      66%        2d15      1%          4
f - Shock                 Conj/Air       100%       1d9       1%          1
g - Call Imp              Summ           66%        N/A       1%          2
h - Spider Form           Tmut/Pois      66%        N/A       1%          3
i - Leda's Liquefaction   Hex/Erth       33%        N/A       1%          4
j - Petrify               Tmut/Erth      66%        N/A       1%          4
Your spell library was empty.

Dungeon Overview and Level Annotations

Branches:
Dungeon (10/15)            Temple (1/1) D:4            Lair (0/5) D:10
  Sewer (visited)         Ossuary (visited)          Bailey (visited)
    Orc: D:9-12

Altars:
Ashenzari
Cheibriados
Dithmenos
Elyvilon
Fedhas
Gozag
Hepliaklqana
Makhleb
Nemelex Xobeh
Okawaru
Qazlal
Ru
Trog
Uskayaw
Wu Jian
Xom
Yredelemnul
Zin
The Shining One

Shops:
D:5 !


Innate Abilities, Weirdness & Mutations

You are immune to sickness and miasma.
You are immune to poison.
Your flesh is very heat resistant. (rF++)
You are vulnerable to cold. (rC-)
You float through the air rather than walking.
You learn spells naturally, not from books.
Your magical power is your life essence.
You have superior vitality. (+4 MHP)


Message History

The fire begins to smoulder!
Casting: Conjure Flame (safe; 1% risk of failure)
Confirm with . or Enter, or press ? or * to list all spells.
Casting: Flame Wave (safe; 1% risk of failure)
Press: ? - help, Dir - look around, f - activate A wave of flame ripples out!
The flame wave engulfs the white imp!!
The white imp is burned terribly!
You kill the white imp!
The white imp disappears in a puff of smoke! (Press . to intensify the flame waves.)
The kobold demonologist looks satisfied for a moment.
Your crimson imp blinks!
You smother the flame.
The kobold demonologist attacks as you move away!
The kobold demonologist barely misses you.
A centaur comes into view.
The kobold demonologist mumbles some strange words.
The kobold demonologist is no longer more vulnerable to fire.
Casting: Flame Wave (safe; 1% risk of failure)
Confirm with . or Enter, or press ? or * to list all spells.
The fire begins to smoulder!
The kobold demonologist is no longer more vulnerable to fire.
The sixfirhy hits you! The sixfirhy shocks you! The sixfirhy hits you!
The sixfirhy shocks you! The sixfirhy misses you.
The sixfirhy misses you. x2; The sixfirhy smothers the flame.
Ashenzari invites you to partake of a vision and a curse of melee combat and ranged combat.
The sixfirhy hits you but does no damage.
The sixfirhy barely misses you.
You hear a shout!
There is an open door here.
The sixfirhy hits you. The sixfirhy shocks you!
* * * LOW HITPOINT WARNING * * *
The sixfirhy hits you.
* * * LOW HITPOINT WARNING * * *
The sixfirhy shocks you!
* * * LOW HITPOINT WARNING * * *
As you read the scroll of teleportation, it crumbles to dust.
You feel strangely unstable. The sixfirhy hits you!
You die...

** ,#.........# ...K........
#.........# *............ ..~#
#.........# ..K.K.K.....
>.~####...).....############..###
.~##..####'###+##..#.K.{5.555z...
.##................#.########c###
##.................#{# ,, .♣,
.#.................#K# ~ ≈~~~
.+..............@3.'.# ~~~~~~≈~~
.#.................#.# ~ ~≈z≈
.####'####.#####...#.#* , .♣..
.##...####.##.######## * *
.)'......#....#**,* *,* * ,,
..#......#..(.# * * * , *
..#...<..'....#∆ *, , ,
.###########'##, ,**, *
.#............# * * , ,


You could see a kobold demonologist and a sixfirhy (summoned).

Vanquished Creatures
  3 two-headed ogres
  Sonja (D:10)
  An ugly thing (D:10)
  A manticore (D:9)
  A troll (D:10)
  Grinder (D:5)
  Prince Ribbit (D:5)
  2 wyverns
  A wraith (D:10)
  6 yaks (D:9)
  2 wargs (D:10)
  An acid dragon (D:9)
  4 water moccasins
  4 orc warriors
  Pargi (Sewer)
  2 sky beasts
  2 ice beasts
  4 centaurs
  An ogre (D:7)
  A phantom (D:4)
  9 kobold brigands
  2 bullfrogs
  3 gnoll sergeants
  A necrophage (D:6)
  8 scorpions
  5 wights (D:6)
  An electric eel (D:9)
  8 howler monkeys
  2 hounds (D:7)
  2 jellies
  3 orc priests
  Crazy Yiuf (D:5)
  A gnoll bouda (D:6)
  Terence (D:2)
  6 iguanas
  4 orc wizards
  A mummy (Ossuary)
  24 gnolls
  3 adders
  2 river rats (D:6)
  2 shadow imps
  3 white imps
  An ufetubus (D:4)
  4 worms (D:2)
  6 dart slugs
  24 orcs
  3 spectral bats (Ossuary)
  10 ball pythons
  10 endoplasms
  4 giant cockroaches
  12 gnoll zombies (Ossuary)
  14 goblins
  5 hobgoblins
  2 jackals (D:4)
  5 quokkas
  9 bats
  A bat simulacrum (Ossuary)
  3 frilled lizards
  4 goblin simulacra (Ossuary)
  6 goblin zombies (Ossuary)
  4 hobgoblin zombies (Ossuary)
  30 kobolds
  4 kobold simulacra (Ossuary)
  2 kobold zombies (Ossuary)
  6 orc zombies (Ossuary)
  A quokka zombie (D:4)
  7 rats
  3 rat simulacra (Ossuary)
  A rat zombie (D:4)
  A spectral goblin (Ossuary)
  2 spectral kobolds (Ossuary)
  2 spectral rats (Ossuary)
318 creatures vanquished.

Vanquished Creatures (collateral kills)
  A yak (D:10)
  An iguana (D:4)
  An orc wizard (D:5)
  4 gnolls
  An orc (D:7)
  A bat (Sewer)
9 creatures vanquished.

Vanquished Creatures (others)
  581 foxfires
  2 plants (D:10)
583 creatures vanquished.

Grand Total: 910 creatures vanquished

Notes
Turn   | Place    | Note
-------+----------+-------------------------------------------
     0 | D:1      | jiiam the Djinni Fire Elementalist began the quest for the
                  | Orb.
     0 | D:1      | jiiam set off with the following spells memorised: Foxfire,
                  | Scorch, Conjure Flame, Inner Flame, Flame Wave.
     0 | D:1      | Reached XP level 1. HP: 15/15 MP: 0/0
   194 | D:1      | Reached XP level 2. HP: 19/21 MP: 0/0
   654 | D:1      | Found a faded altar of an unknown god.
   861 | D:2      | Noticed Terence
   867 | D:2      | Reached XP level 3. HP: 24/25 MP: 0/0
   867 | D:2      | Learned a level 1 spell: Shock
  1061 | D:3      | Reached XP level 4. HP: 23/31 MP: 0/0
  1151 | D:4      | Found a broken altar of Ashenzari.
  1298 | D:4      | Became a worshipper of Ashenzari the Shackled
  1333 | D:4      | Noticed a scorpion
  1459 | D:4      | Killed a scorpion
  1460 | D:4      | Reached XP level 5. HP: 13/35 MP: 0/0
  1460 | D:4      | Learned a level 2 spell: Call Imp
  1511 | D:4      | Found a sand-covered staircase.
  1518 | Ossuary  | Entered an ossuary
  3990 | D:1      | Reached XP level 6. HP: 29/40 MP: 0/0
  4399 | D:2      | Killed Terence
  4400 | D:2      | Reached skill level 5 in Spellcasting
  6624 | D:3      | Reached * piety under Ashenzari
  6924 | D:4      | Found an ornate altar of the Wu Jian Council.
  6961 | D:4      | Found a sparkling altar of Nemelex Xobeh.
  6984 | D:4      | Reached XP level 7. HP: 41/46 MP: 0/0
  6984 | D:4      | Learned a level 3 spell: Spider Form
  7003 | D:4      | Reached skill level 1 in Fighting
  7342 | D:4      | Reached ** piety under Ashenzari
  7645 | D:4      | Found a staircase to the Ecumenical Temple.
  7650 | Temple   | Entered the Ecumenical Temple
  7817 | D:5      | Entered Level 5 of the Dungeon
  8061 | D:4      | Reached skill level 2 in Fighting
  8335 | D:5      | Found Wifism's Distillery.
  8394 | D:5      | Noticed Prince Ribbit
  8531 | D:5      | Noticed a water moccasin
  8539 | D:5      | Killed a water moccasin
  8540 | D:5      | Reached XP level 8. HP: 45/55 MP: 0/0
  8629 | D:5      | Killed Prince Ribbit
  8630 | D:5      | Reached skill level 3 in Fighting
  8781 | D:5      | Noticed Grinder
  8813 | D:5      | Killed Grinder
  9024 | D:5      | Reached skill level 4 in Fighting
  9340 | D:5      | Found a runed translucent door.
  9341 | D:5      | Noticed Crazy Yiuf
  9547 | D:5      | Reached XP level 9. HP: 53/63 MP: 0/0
  9547 | D:5      | Learned a level 4 spell: Leda's Liquefaction
  9793 | D:5      | Killed Crazy Yiuf
  9912 | D:6      | Found a glowing drain.
  9932 | Sewer    | Entered a sewer
 10103 | Sewer    | Identified a scroll of acquirement
 10131 | Sewer    | Noticed Pargi
 10139 | Sewer    | Killed Pargi
 10140 | Sewer    | Reached skill level 5 in Fighting
 10894 | D:6      | Reached skill level 6 in Fighting
 11358 | D:6      | Reached *** piety under Ashenzari
 11522 | D:7      | Found a flagged portal.
 11563 | Bailey   | Entered a bailey
 11620 | Bailey   | Reached XP level 10. HP: 15/76 MP: 0/0
 11947 | Bailey   | Found an iron altar of Okawaru.
 12147 | D:7      | Reached skill level 7 in Fighting
 12817 | D:7      | Found a blossoming altar of Fedhas.
 13030 | D:7      | Reached skill level 10 in Spellcasting
 14009 | D:8      | Reached skill level 8 in Fighting
 14698 | D:9      | Noticed a manticore
 14813 | D:9      | Noticed a two-headed ogre
 14829 | D:9      | Killed a two-headed ogre
 14830 | D:9      | Reached skill level 9 in Fighting
 15084 | D:9      | Killed a manticore
 15085 | D:9      | Reached XP level 11. HP: 43/87 MP: 0/0
 15085 | D:9      | Learned a level 4 spell: Petrify
 15622 | D:9      | Reached skill level 10 in Fighting
 15699 | D:9      | Reached skill level 11 in Fighting
 16519 | D:9      | Found a stormy altar of Qazlal.
 16731 | D:10     | Entered Level 10 of the Dungeon
 16920 | D:10     | Noticed Sonja
 16929 | D:10     | Killed Sonja
 17391 | D:10     | Reached skill level 12 in Fighting
 17402 | D:10     | Noticed a white ugly thing
 17428 | D:10     | Killed a white ugly thing
 17766 | D:10     | Found a staircase to the Lair.
 17905 | D:10     | Noticed a two-headed ogre
 17917 | D:10     | Killed a two-headed ogre
 17976 | D:10     | Noticed a two-headed ogre
 17985 | D:10     | Killed a two-headed ogre
 17986 | D:10     | Reached skill level 13 in Fighting
 18072 | D:10     | Noticed a sixfirhy
 18082 | D:10     | Slain by a sixfirhy

Illustrated notes

Levels and vault maps discovered:
D:1:      dpeg_arrival_solitude, layout_basic, ebering_ecumenical_altar_rust
D:2:      layout_loops_ring, uniq_terence
D:3:      layout_basic, minmay_ruptured
D:4:      layout_basic, jmf_multi_god_temple, mainiacjoe_overflow_chevrons,
          overflow_temple_1_default, minmay_temple_entry_metal_lava,
          enter_ossuary_4, minivault_23, minmay_misc_feat_four_crosses
D:5:      layout_loops_ring, serial_shops, nicolae_take_the_stairs,
          uniq_crazy_yiuf_cottage, uniq_grinder, uniq_prince_ribbit1
D:6:      layout_loops_ring, cheibrodos_sewer_entry_sluice
D:7:      layout_basic, kennysheep_little_box, enter_bailey_5
D:8:      layout_basic
D:9:      layout_grid_maze, mainiacjoe_overflow_cross_hatched,
          roderic_nine_men_s_morris, minivault_4
D:10:     nzn_winding_woodlands_stair_cross [nzn_winding_woodlands_5x15_jagged,
          nzn_winding_woodlands_center_pierced_h,
          nzn_winding_woodlands_5x15_parted,
          nzn_winding_woodlands_5x5_closed_star,
          nzn_winding_woodlands_hourglass,
          nzn_winding_woodlands_5x15_lazy_stream,
          nzn_winding_woodlands_center_lodge,
          nzn_winding_woodlands_5x15_river_crossing], layout_gridville,
          marbit_many_paths, erik_lair_orcish_takeover, roderic_roman_lattice,
          kennysheep_windowed_goal, uniq_sonja
Temple:   hellmonk_temple_two_chambers

Skill      XL: |  1  2  3  4  5  6  7  8  9 10 11 |
---------------+----------------------------------+-----
Spellcasting   | 3 4 5 6 7 9 10 | 10.0
Fighting       | 2 4 6 9 13 | 13.0
Dodging        | |  2.1
Stealth        | |  1.5

Action                   |  1- 3 |  4- 6 |  7- 9 | 10-12 || total
-------------------------+-------+-------+-------+-------++-------
Melee: Short sword       |       |     1 |       |       ||     1
 Cast: Foxfire           |    49 |   106 |   115 |    95 ||   365
       Scorch            |     3 |    89 |    80 |   104 ||   276
       Conjure Flame     |       |     6 |     3 |    24 ||    33
       Shock             |       |    27 |    16 |    34 ||    77
       Call Imp          |       |     3 |    18 |    20 ||    41
       Flame Wave        |       |       |     3 |    13 ||    16
       Petrify           |       |       |       |     2 ||     2
       Inner Flame       |       |       |       |     1 ||     1
Invok: Curse Item        |       |     2 |     2 |     1 ||     5
       Shatter the Chain |       |       |       |     1 ||     1
  Use: Scroll            |       |     1 |     2 |     3 ||     6
       Potion            |       |       |     1 |     7 ||     8
Armor: Robe              |       |     9 |     9 |     8 ||    26
Dodge: Dodged            |       |    42 |    46 |    53 ||   141
